 Dungeon Crawl Stone Soup version 0.30.1-4-g462c640d31 (webtiles) character file.

Game seed: 2952869118263466056

70515 tyreese12 the Severer (level 14, -14/146 HPs)
             Began as a Minotaur Fighter on Sept 15, 2023.
             Was the Champion of Okawaru.
             Killed by the air
             ... invoked by a spriggan air mage
              (16 damage)
             ... on level 1 of the Depths.
             The game lasted 01:19:12 (21647 turns).

tyreese12 the Severer (Minotaur Fighter)           Turns: 21647, Time: 01:19:18

Health: -14/146    AC: 21    Str: 34    XL:     14   Next: 94%
Magic:  0/14       EV: 18    Int:  4    God:    Okawaru [******]
Gold:   1129       SH:  0    Dex: 15    Spells: 13/13 levels left

rFire   + . .        G - +3 executioner's axe (heavy)
rCold   x . .        (shield currently unavailable)
rNeg    . . .        b - +1 scale mail
rPois   .            C - +1 hat
rElec   .            d - +1 cloak {Stlth+}
rCorr   .            f - +0 pair of gloves
SInv    .            B - +1 pair of boots {Fly}
Will    ++++.        P - amulet of guardian spirit
Stlth   +++          w - ring "Remug" {Fire Will+++ Str+4 Stlth-}
HPRegen 0.44/turn    I - +6 ring of dexterity
MPRegen 0.14/turn

%: clarity, guardian spirit
@: mighty, heroic, flying, studying 2 skills
A: horns 2, retaliatory headbutt, clarity, robust 1, strong 1
a: Renounce Religion, Heroism, Finesse, Duel


You were on level 1 of the Depths.
You worshipped Okawaru.
Okawaru was exalted by your worship.
You visited 5 branches of the dungeon, and saw 19 of its levels.

You collected 1425 gold pieces.
You spent 296 gold pieces at shops.

Inventory:

Hand Weapons
 a - a +1 war axe
 p - a +4 battleaxe of electrocution
 v - a +6 battleaxe of venom
 G - a +3 heavy executioner's axe (weapon)
 J - a +4 great sword of protection
 K - the +5 war axe "Damn" {heavy, Will+}
   (You took it off an orc on level 11 of the Dungeon)

   Will:      It increases your willpower.
 R - a +0 quick blade of protection
Armour
 b - a +1 scale mail (worn)
 c - a +1 buckler
 d - a +1 cloak of stealth (worn)
 f - a +0 pair of gloves (worn)
 j - an orb of wrath
 B - a +1 pair of boots of flying (worn)
 C - a +1 hat (worn)
 D - an orb of light
 U - the +1 chain mail of Pedoeshe {rC- Dex+2 SInv}
   (Okawaru gifted it to you on level 14 of the Dungeon)

   Dex:       It affects your dexterity (+2).
   rC:        It makes you vulnerable to cold.
   SInv:      It lets you see invisible.
Jewellery
 l - an amulet of magic regeneration
 w - the ring "Remug" (left hand) {Fire Will+++ Str+4 Stlth-}
   (You found it on level 10 of the Dungeon)

   [ring of fire]

   It enhances your fire magic.
   Str:       It affects your strength (+4).
   rF:        It protects you from fire.
   rC:        It makes you vulnerable to cold.
   Will:      It greatly increases your willpower.
   Stlth:     It makes you less stealthy.
 x - a ring of wizardry
 y - a ring of ice
 H - a ring of protection from fire
 I - a +6 ring of dexterity (right hand)
 L - a ring of see invisible
 P - an amulet of guardian spirit (around neck)
 S - the ring of Serendipity {*Slow rC+ rN+ Int+3 Stlth+}
   (You found it on level 13 of the Dungeon)

   [ring of protection from cold]

   Int:       It affects your intelligence (+3).
   rC:        It protects you from cold.
   rN:        It protects you from negative energy.
   *Slow:     It may slow you when you take damage.
   Stlth:     It makes you more stealthy.
Wands
 o - a wand of roots (11)
 z - a wand of mindburst (10)
 A - a wand of acid (9)
 Q - a wand of polymorph (2)
Scrolls
 e - 6 scrolls of amnesia
 g - 2 scrolls of vulnerability
 i - 5 scrolls of teleportation
 n - 2 scrolls of magic mapping
 u - 4 scrolls of identify
 F - a scroll of poison
 T - a scroll of torment
Potions
 h - 6 potions of magic
 k - 2 potions of haste
 m - 2 potions of cancellation
 r - 2 potions of brilliance
 s - 5 potions of flight
 t - 2 potions of resistance
 N - 4 potions of degeneration
 O - a potion of attraction {unknown}
 Y - a potion of invisibility {unknown}
Miscellaneous
 q - a lightning rod (4/4)
 E - a box of beasts
 M - a phial of floods
 Z - a phantom mirror


   Skills:
 + Level 14.9(19.9) Fighting
 + Level 20.9(26.0) Axes
 + Level 2.8(19.1) Maces & Flails
 + Level 0.2(5.2) Throwing
 + Level 14.8(19.8) Armour
 + Level 9.0(14.0) Dodging
 + Level 3.3(8.3) Stealth
 + Level 4.4(9.4) Shields
 + Level 2.0 Invocations
 + Level 2.7 Evocations


You had 13 spell levels left.
You didn't know any spells.
Your spell library contained the following spells:

 Spells                   Type           Power      Damage    Failure   Level
 Foxfire                  Conj/Fire      0%         2x1d4     63%         1
 Sandblast                Erth           0%         2d4       63%         1
 Sting                    Tmut/Pois      0%         1d3       63%         1
 Passwall                 Tmut/Erth      0%         N/A       77%         2
 Poisonous Vapours        Pois/Air       0%         N/A       77%         2
 Sublimation of Blood     Necr           0%         N/A       77%         2
 Wereblood                Tmut           0%         N/A       77%         2
 Stone Arrow              Conj/Erth      0%         3d7       94%         3
 Volatile Blastmotes      Fire/Tloc      0%         2d10      94%         3
 Fulminant Prism          Conj/Hex       0%         3d5       100%        4
 Iskenderun's Mystic Bla  Conj/Tloc      0%         2d3       100%        4
 Olgreb's Toxic Radiance  Pois           0%         N/A       100%        4
 Passage of Golubria      Tloc           0%         N/A       100%        4
 Petrify                  Tmut/Erth      0%         N/A       100%        4
 Fireball                 Conj/Fire      0%         3d3       100%        5
 Irradiate                Conj/Tmut      0%         3d11      100%        5
 Lee's Rapid Deconstruct  Erth           0%         3d4*      100%        5
 Metabolic Englaciation   Hex/Ice        0%         N/A       100%        5
 Yara's Violent Unravell  Hex/Tmut       0%         3d3       100%        5
 Plasma Beam              Fire/Air       0%         2x1d11    100%        6
 Starburst                Conj/Fire      0%         6d3       100%        6
 Statue Form              Tmut/Erth      0%         N/A       100%        6
 Tukima's Dance           Hex            Unusable   N/A       N/A         3
 Summon Hydra             Summ           Unusable   N/A       N/A         7

Dungeon Overview and Level Annotations

Branches:
Dungeon (15/15)            Temple (1/1) D:5            Lair (1/5) D:9
    Orc (0/2) D:11         Vaults (0/5) D:14         Depths (1/4) D:15
   Hell (visited)
    Dis: Hell:1         Geh: Hell:1         Coc: Hell:1         Tar: Hell:1

Altars:
Ashenzari
Cheibriados
Dithmenos
Elyvilon
Fedhas
Gozag
Hepliaklqana
Kikubaaqudgha
Makhleb
Nemelex Xobeh
Okawaru
Qazlal
Ru
Sif Muna
Trog
Uskayaw
Vehumet
Wu Jian
Xom
Yredelemnul
Zin
The Shining One
Lugonu

Shops:
D:4 (   D:7 ***?   D:8 ?

Portals:
Hell: Depths:1
Abyss: Depths:1

Annotations:
D:5 2 transporters, croobank's ghost, weakling DsDe
D:10 2 transporters, GasterBasher2's ghost, journeyman MiBe
D:12 1 runed translucent door
Hell Geryon


Innate Abilities, Weirdness & Mutations

You have a pair of horns on your head.
You reflexively headbutt those who attack you in melee.
You possess an exceptional clarity of mind.
You are robust. (+10% HP)
Your muscles are strong. (Str +4, Int/Dex -1)


Message History

You slice the spriggan berserker like a ripe choko!!!
You kill the spriggan berserker!
Okawaru accepts your kill.
The elephant is no longer berserk.
The elephant disappears in a puff of smoke!
The elephant is no longer berserk.
The elephant disappears in a puff of smoke!
The spriggan berserker closely misses you.
You slash the spriggan berserker!
Your headbutt misses the spriggan berserker.
The spriggan berserker is lightly wounded.
The spriggan berserker hits you but does no damage.
The spriggan berserker hits you with a +0 war axe!
The spriggan rider barely misses you.
You open the spriggan berserker like a pillowcase!!!
The spriggan berserker is severely wounded.
The spriggan berserker hits you with a +0 war axe!!!
* * * LOW HITPOINT WARNING * * *
The spriggan air mage waves its arms in wide circles.
The air twists around and strikes you.
The spriggan rider hits you but does no damage.
The spriggan berserker barely misses you.
You furiously retaliate!
You headbutt the spriggan berserker!
You gain the combat prowess of a mighty hero.
The spriggan berserker hits you with a +0 war axe!
* * * LOW HITPOINT WARNING * * *
The spriggan rider misses you.
You feel very mighty all of a sudden.
The spriggan berserker hits you with a +0 war axe.
* * * LOW HITPOINT WARNING * * *
The spriggan rider completely misses you.
The spriggan berserker hits you but does no damage.
You closely miss the spriggan berserker.
You headbutt the spriggan berserker!
The spriggan berserker is almost dead.
The spriggan berserker hits you with a +0 war axe!!
* * * LOW HITPOINT WARNING * * *
The spriggan air mage waves its arms in wide circles.
The air twists around and strikes you!
You die...

###.....##
#.##...##
+..##'##
#....)# #....)#
#.....# #.....#
###..
#.....###iC....
#.....'@ii#
#.....#####
#######


You could see a stone giant, a spriggan rider, a spriggan berserker (berserk)
and a spriggan air mage (repels missiles).

Vanquished Creatures
  Jorgrun (D:13)
  Gastronok (D:10)
  A reaper (Depths:1)
  A stone giant (Depths:1)
  3 very ugly things
  Azrael (D:12)
  4 spark wasps (Depths:1)
  Snorg (D:12)
  A hydra (D:14)
  A rakshasa (D:15)
  A great orb of eyes (D:14)
  4 vault guards (D:14)
  2 ogre magi
  A catoblepas (D:14)
  3 boulder beetles
  A spriggan skeleton (D:15)
  Erica (D:10)
  A death knight (D:13)
  6 centaur warriors
  12 two-headed ogres
  6 tengu warriors
  4 skeletal warriors
  2 spriggan berserkers (Depths:1)
  A deep elf knight (D:14)
  Nergalle (D:10)
  A fire crab (D:14)
  The ghost of Wobber the Nimble, a novice FeSu of Gozag (D:12)
  A glowing orange brain (Depths:1)
  A flayed ghost (D:15)
  A golden dragon zombie (D:15)
  3 wizards (D:14)
  A necromancer (D:15)
  An orc knight (D:14)
  4 deep elf pyromancers
  A deep elf zephyrmancer (D:13)
  12 ugly things
  3 manticores
  A frost giant skeleton (D:15)
  8 cyclopes
  A cane toad (Lair:1)
  2 gargoyles (D:14)
  A freezing wraith (D:13)
  An unseen horror (D:11)
  2 komodo dragons
  4 tengu conjurers
  4 red devils (D:14)
  An efreet (D:14)
  3 trolls
  A queen bee (shapeshifter) (D:14)
  Grinder (D:3)
  A hornet (D:7)
  A hornet (shapeshifter) (D:14)
  An ettin zombie (D:15)
  A centaur simulacrum (D:15)
  4 slime creatures
  A vampire (D:9)
  A shadow (D:11)
  4 wraiths
  3 wyverns
  The ghost of IHitMyHead the Shield-Bearer, an amateur MiFi (D:4)
  A basilisk (D:13)
  5 yaks (D:12)
  A steam dragon (D:7)
  6 fire elementals (D:12)
  9 vampire mosquitoes
  Menkaure (D:7)
  Edmund (D:5)
  3 acid dragons
  A water moccasin (D:5)
  A hell hound (D:12)
  2 orc warriors
  2 ice beasts (D:7)
  3 black bears
  3 ogres
  An ogre (shapeshifter) (D:14)
  A phantom (D:5)
  5 wolves (Lair:1)
  10 centaurs
  6 kobold brigands
  5 bullfrogs
  2 scorpions (D:9)
  A gnoll sergeant (D:12)
  15 wights
  8 killer bees
  2 howler monkeys
  5 orc priests
  Crazy Yiuf (D:3)
  6 hounds
  6 jellies
  A gnoll bouda (D:7)
  6 iguanas
  7 orc wizards
  Robin (D:2)
  4 gnolls
  13 adders
  A white imp (D:7)
  2 ufetubi (D:4)
  An adder zombie (D:2)
  2 adder skeletons (D:2)
  A worm (D:4)
  3 dart slugs
  36 orcs
  4 ball pythons
  3 bat zombies (D:2)
  11 endoplasms
  A giant cockroach (D:1)
  15 goblins
  11 hobgoblins
  35 kobolds
  4 quokkas
  2 ball python skeletons (D:2)
  3 ball python zombies (D:2)
  7 bats
  4 frilled lizards
  A giant cockroach zombie (D:2)
  A quokka zombie (D:2)
  6 rats
438 creatures vanquished.

Notes
Turn   | Place    | Note
-------+----------+-------------------------------------------
     0 | D:1      | tyreese12 the Minotaur Fighter began the quest for the Orb.
     0 | D:1      | Reached XP level 1. HP: 19/19 MP: 0/0
   135 | D:1      | Reached XP level 2. HP: 27/27 MP: 1/1
  1198 | D:2      | Reached XP level 3. HP: 33/33 MP: 2/2
  1293 | D:2      | Reached skill level 3 in Axes
  1427 | D:2      | Reached XP level 4. HP: 40/40 MP: 3/3
  1430 | D:2      | Noticed Robin
  1443 | D:2      | Killed Robin
  1683 | D:2      | Reached skill level 4 in Axes
  1818 | D:2      | Reached XP level 5. HP: 46/46 MP: 4/4
  2357 | D:3      | Reached skill level 1 in Dodging
  2413 | D:3      | Found a broken altar of Ashenzari.
  2507 | D:3      | Noticed Grinder
  2517 | D:3      | Paralysed by Grinder for 5 turns
  2519 | D:3      | Killed Grinder
  2520 | D:3      | Reached skill level 5 in Axes
  2520 | D:3      | Reached XP level 6. HP: 47/53 MP: 5/5
  2873 | D:3      | Found a runed translucent door.
  2874 | D:3      | Noticed Crazy Yiuf
  2880 | D:3      | Gained mutation: You are robust. (+10% HP) [potion of
                  | mutation]
  2880 | D:3      | Gained mutation: Your muscles are strong. (Str +4, Int/Dex
                  | -1) [potion of mutation]
  2880 | D:3      | Gained mutation: You possess an exceptional clarity of
                  | mind. [potion of mutation]
  2988 | D:3      | Killed Crazy Yiuf
  2989 | D:3      | Reached skill level 5 in Armour
  3136 | D:4      | Reached skill level 6 in Axes
  3224 | D:4      | Reached skill level 5 in Fighting
  3224 | D:4      | Reached XP level 7. HP: 33/67 MP: 6/6
  3500 | D:4      | Found a stormy altar of Qazlal.
  3719 | D:4      | Found a runed translucent door.
  3720 | D:4      | Noticed IHitMyHead's ghost (amateur MiFi)
  3783 | D:4      | Found Weet's Antique Weapon Emporium.
  3800 | D:4      | Bought a glowing battleaxe for 199 gold pieces
  4054 | D:4      | Killed IHitMyHead's ghost
  4055 | D:4      | Reached skill level 1 in Maces & Flails
  4142 | D:5      | Entered Level 5 of the Dungeon
  4195 | D:5      | Found a white marble altar of Elyvilon.
  4302 | D:5      | Found a transporter.
  4302 | D:5      | Noticed croobank's ghost (weakling DsDe)
  4496 | D:5      | Noticed Edmund
  4503 | D:5      | Killed Edmund
  4504 | D:5      | Reached skill level 7 in Axes
  4504 | D:5      | Reached XP level 8. HP: 71/75 MP: 7/7
  4641 | D:5      | Found a staircase to the Ecumenical Temple.
  4667 | D:5      | Found a transporter.
  4699 | Temple   | Entered the Ecumenical Temple
  5082 | D:6      | Found an iron altar of Okawaru.
  5095 | D:6      | Became a worshipper of Warmaster Okawaru
  5227 | D:6      | Reached skill level 8 in Axes
  5537 | D:7      | Found Beidd's General Store.
  5654 | D:7      | Reached skill level 9 in Axes
  5656 | D:7      | Reached * piety under Okawaru
  5657 | D:7      | Reached XP level 9. HP: 22/85 MP: 8/8
  5862 | D:7      | Found Roopidgh's General Store.
  5866 | D:7      | Bought a scroll of enchant armour for 97 gold pieces
  5915 | D:7      | Noticed a two-headed ogre
  5928 | D:7      | Killed a two-headed ogre
  5929 | D:7      | Reached skill level 10 in Axes
  5992 | D:7      | Noticed a manticore
  6002 | D:7      | Killed a manticore
  6002 | D:7      | Reached ** piety under Okawaru
  6003 | D:7      | Reached skill level 1 in Stealth
  6036 | D:7      | Noticed a troll
  6045 | D:7      | Killed a troll
  6046 | D:7      | Reached skill level 11 in Axes
  6203 | D:7      | Noticed Menkaure
  6205 | D:7      | Noticed a two-headed ogre
  6210 | D:7      | Killed Menkaure
  6493 | D:7      | Paralysed by a hornet for 2 turns
  6495 | D:7      | Reached *** piety under Okawaru
  6676 | D:7      | Noticed a cyclops
  6755 | D:7      | Killed a two-headed ogre
  6756 | D:7      | Reached skill level 12 in Axes
  6756 | D:7      | Reached XP level 10. HP: 96/96 MP: 9/9
  6898 | D:7      | Killed a cyclops
  6899 | D:7      | Reached skill level 1 in Evocations
  7021 | D:7      | Reached **** piety under Okawaru
  7223 | D:7      | Found a bloodstained altar of Trog.
  7317 | D:7      | Found Nouh's Magic Scroll Emporium.
  7383 | D:7      | Found Ihosmead's General Store.
  7742 | D:8      | Reached skill level 13 in Axes
  7775 | D:8      | Found an opulent altar of Gozag.
  7842 | D:8      | Found a shimmering altar of Xom.
  7844 | D:8      | Found a shimmering blue altar of Sif Muna.
  7844 | D:8      | Found a glowing golden altar of the Shining One.
  7846 | D:8      | Found a shadowy altar of Dithmenos.
  7846 | D:8      | Found a basalt altar of Yredelemnul.
  7846 | D:8      | Found a shimmering blue altar of Sif Muna.
  7911 | D:8      | Reached skill level 5 in Dodging
  8104 | D:8      | Found Viot's Magic Scroll Shoppe.
  8931 | D:9      | Reached skill level 10 in Armour
  9476 | D:9      | Reached ***** piety under Okawaru
  9809 | D:9      | Noticed a two-headed ogre
  9815 | D:9      | Killed a two-headed ogre
  9816 | D:9      | Reached skill level 14 in Axes
  9816 | D:9      | Reached XP level 11. HP: 104/104 MP: 10/10
  9870 | D:9      | Found a staircase to the Lair.
 10062 | Lair:1   | Entered Level 1 of the Lair of Beasts
 10109 | Lair:1   | Received a gift from Okawaru
 10288 | D:10     | Entered Level 10 of the Dungeon
 10319 | D:10     | Found a radiant altar of Vehumet.
 10341 | D:10     | Noticed Nergalle
 10348 | D:10     | Killed Nergalle
 10517 | D:10     | Identified the ring "Remug" {Fire Will+++ Str+4 Stlth-}
 10528 | D:10     | Found a bloodstained altar of Trog.
 10528 | D:10     | Noticed GasterBasher2's ghost (journeyman MiBe)
 10528 | D:10     | Noticed a two-headed ogre
 10538 | D:10     | Noticed a two-headed ogre
 10539 | D:10     | Noticed a tengu warrior
 10546 | D:10     | Found a transporter.
 10579 | D:10     | Found a transporter.
 10606 | D:10     | Noticed Gastronok
 10615 | D:10     | Killed Gastronok
 10615 | D:10     | Received a gift from Okawaru
 10616 | D:10     | Reached skill level 15 in Axes
 10750 | D:10     | Found a hide-covered altar of Uskayaw.
 10755 | D:10     | Found a basalt altar of Yredelemnul.
 10755 | D:10     | Found a burning altar of Makhleb.
 10829 | D:10     | Found a glowing silver altar of Zin.
 10895 | D:10     | Noticed Erica
 10907 | D:10     | Killed Erica
 11495 | D:11     | Identified the +5 war axe "Damn" {heavy, Will+}
 11727 | D:11     | Reached skill level 10 in Fighting
 12045 | D:11     | Noticed a two-headed ogre
 12050 | D:11     | Killed a two-headed ogre
 12158 | D:11     | Found a staircase to the Orcish Mines.
 12333 | D:12     | Noticed Snorg
 12343 | D:12     | Killed Snorg
 12703 | D:12     | Found a runed translucent door.
 12704 | D:12     | Noticed a two-headed ogre
 12704 | D:12     | Noticed a fire dragon
 12706 | D:12     | Noticed an orc knight
 12711 | D:12     | Noticed a wolf spider
 12712 | D:12     | Noticed a fire giant
 12817 | D:12     | Noticed a two-headed ogre
 12819 | D:12     | Noticed a deep elf pyromancer
 12820 | D:12     | Noticed Wobber's ghost (novice FeSu)
 12834 | D:12     | Found a runed translucent gate.
 12834 | D:12     | Found a runed translucent gate.
 12836 | D:12     | Found a runed translucent gate.
 12915 | D:12     | Reached skill level 16 in Axes
 13105 | D:12     | Noticed a deep elf pyromancer
 13110 | D:12     | Killed a deep elf pyromancer
 13111 | D:12     | Reached XP level 12. HP: 117/117 MP: 11/11
 13208 | D:12     | Noticed Azrael
 13360 | D:12     | Killed Azrael
 13508 | D:12     | Noticed a two-headed ogre
 13516 | D:12     | Killed a two-headed ogre
 13668 | D:12     | Reached ****** piety under Okawaru
 13784 | D:12     | Received a gift from Okawaru
 14349 | D:12     | Killed a two-headed ogre
 14734 | D:12     | Killed Wobber's ghost
 14931 | D:13     | Noticed a centaur warrior
 14938 | D:13     | Killed a centaur warrior
 15020 | D:13     | Noticed a centaur warrior
 15031 | D:13     | Killed a centaur warrior
 15032 | D:13     | Reached skill level 17 in Axes
 15040 | D:13     | Received a gift from Okawaru
 15280 | D:13     | Noticed a centaur warrior
 15291 | D:13     | Killed a centaur warrior
 15462 | D:13     | Identified the ring of Serendipity {*Slow rC+ rN+ Int+3
                  | Stlth+}
 15470 | D:13     | Noticed Jorgrun
 15474 | D:13     | Killed Jorgrun
 15544 | D:13     | Noticed a two-headed ogre
 15550 | D:13     | Killed a two-headed ogre
 15551 | D:13     | Reached XP level 13. HP: 116/129 MP: 12/12
 15851 | D:13     | You are sucked into a shaft and drop 1 floor!
 15879 | D:14     | Identified the +1 chain mail of Pedoeshe {rC- Dex+2 SInv}
                  | (Okawaru gifted it to you on level 14 of the Dungeon)
 15879 | D:14     | Received a gift from Okawaru
 15906 | D:14     | Reached skill level 18 in Axes
 16752 | D:14     | Reached skill level 1 in Invocations
 17067 | D:14     | HP: 3/130 [centaur warrior/arrow (12)]
 17069 | D:14     | Noticed a green very ugly thing
 17407 | D:13     | Received a gift from Okawaru
 17408 | D:13     | Reached skill level 19 in Axes
 18440 | D:14     | Reached XP level 14. HP: 98/141 MP: 10/14
 18850 | D:14     | Killed a green very ugly thing
 18882 | D:14     | Received a gift from Okawaru
 18899 | D:14     | Found a gate to the Vaults.
 19303 | D:14     | Identified the +1 chain mail of Radul {Rampage rC+ Str+2
                  | Dex+2}
 19531 | D:15     | Entered Level 15 of the Dungeon
 19631 | D:15     | Reached skill level 20 in Axes
 20004 | D:15     | Found a staircase to the Depths.
 20023 | D:15     | HP: 1/145 [flayed ghost (8)]
 20024 | D:15     | Identified the +0 chain mail of Okawaru's Indignation {rF++
                  | rN+ Dex+2} (Okawaru gifted it to you on level 15 of the
                  | Dungeon)
 20024 | D:15     | Received a gift from Okawaru
 20690 | Depths:1 | Entered Level 1 of the Depths
 20690 | Depths:1 | Noticed a stone giant
 20699 | Depths:1 | Killed a stone giant
 20917 | Depths:1 | Found a corrupted altar of Lugonu.
 20917 | Depths:1 | Found a one-way gate to the infinite horrors of the Abyss.
 21029 | Depths:1 | Noticed a purple very ugly thing
 21029 | Depths:1 | Noticed a purple very ugly thing
 21031 | Depths:1 | Killed a purple very ugly thing
 21035 | Depths:1 | Killed a brown very ugly thing
 21040 | Depths:1 | Found a gateway to Hell.
 21051 | Hell     | Entered the Vestibule of Hell
 21051 | Hell     | Noticed Geryon
 21051 | Hell     | Noticed a reaper
 21051 | Hell     | Noticed a reaper
 21051 | Hell     | Noticed a hellephant
 21055 | Depths:1 | Killed a reaper
 21635 | Depths:1 | Noticed a stone giant
 21647 | Depths:1 | HP: 2/146 [spriggan berserker/+0 war axe (19)]
 21647 | Depths:1 | Killed from afar by a spriggan air mage

Illustrated notes

Levels and vault maps discovered:
D:1:      sevenhm_arrival_forest_fort_small_6, layout_basic
D:2:      minmay_alternating_diamond, layout_basic, serial_undead,
          serial_undead_f, serial_undead_d, serial_undead_a, serial_undead_d,
          serial_undead_f, serial_undead_d, nrook_loot_triangle,
          minmay_pentomino_t4, uniq_robin
D:3:      layout_basic, nicolae_overflow_crystal_walls, uniq_grinder,
          uniq_crazy_yiuf_cottage
D:4:      layout_loops_cross, nicolae_qazlal_general_emergency, serial_shops,
          nicolae_stop_n_shop_2, ebering_ghost_sewer_d,
          chequers_serial_rivers_room_b, minmay_three_crescents
D:5:      layout_gridville, mainiacjoe_overflow_paths,
          minmay_temple_entry_fiery, gammafunk_ghost_mausoleum,
          skrybe_limestone_x, grunt_tough_drop, uniq_edmund
D:6:      layout_basic, kennysheep_okawaru_gauntlet
D:7:      minmay_the_grid_four_pointed_star
          [minmay_the_grid_triangle_9x9_windchime,
          minmay_the_grid_triangle_9x9_swiss_cheese,
          minmay_the_grid_triangle_9x9_skeleton,
          minmay_the_grid_triangle_9x9_pentomino_pain,
          minmay_the_grid_prize_big_room], layout_loops_ring,
          trog_butcher_becter, serial_shops, shop, nicolae_shop_real_fake_doors,
          nicolae_shop_tiny_glass, nicolae_stop_n_shop_1, minivault_24,
          uniq_menkaure
D:8:      layout_basic, grunt_gozag_breadcrumbs, doesnt_xom_only_xom,
          serial_shops, shop
D:9:      layout_cave_pools, grunt_lair_entry_orc_guard_hut
D:10:     layout_roguey, grunt_temple_overflow_open,
          mainiacjoe_overflow_chevrons, zin_statuary,
          gammafunk_ghost_wrathful_warriors, uniq_erica, uniq_nergalle,
          uniq_gastronok
D:11:     layout_basic, orc_0_dummy
D:12:     layout_grid_maze, gammafunk_ghost_split, minivault_21,
          minmay_fountain_box, minmay_st_funbox, uniq_azrael, uniq_snorg
D:13:     layout_roguey, hangedman_corner_corridor, uniq_jorgrun
D:14:     minmay_crescents, layout_basic, grunt_vaults_entry_fortified,
          minivault_27, einodemon_armed_red_devil_minivault
D:15:     gammafunk_depths_entry_grave, layout_basic, hangedman_decor_riveting,
          uniq_nessos
Temple:   zaba_magenta_temple
Lair:1:   layout_regular_city, ebering_ghost_inner_flame, lemuel_fruit_tree
Depths:1: layout_roguey, hell_entry, abyss_entry_flame_altar, dk_noncrumbling_3,
          grunt_ministairs_15, kennysheep_two_boxes
Hell

Skill      XL: |  1  2  3  4  5  6  7  8  9 10 11 12 13 14 |
---------------+-------------------------------------------+-----
Armour         | 4 5 6 8 9 10 11 12 13 14 | 14.8
Shields        | 4 |  4.4
Fighting       | 4 5 6 8 10 12 13 14 | 14.9
Axes           | 3 4 5 6 7 9 12 14 16 17 19 20 | 20.9
Dodging        | 1 2 3 4 5 7 8 9 |  9.0
Maces & Flails | 2 |  2.8
Stealth        | 1 2 3 |  3.3
Evocations     | 1 2 |  2.7
Invocations    | 1 2 |  2.0
Throwing       | |  0.2

Action                     |  1- 3 |  4- 6 |  7- 9 | 10-12 | 13-15 || total
---------------------------+-------+-------+-------+-------+-------++-------
  Melee: War axe           |    81 |    68 |       |    73 |       ||   222
         Headbutt          |    13 |    24 |    26 |    53 |    56 ||   172
         Mace              |       |    48 |    39 |       |       ||    87
         Battleaxe         |       |       |   116 |   210 |       ||   326
         Punch             |       |       |       |     1 |       ||     1
         Executioner's axe |       |       |       |    57 |   252 ||   309
  Throw: Boomerang         |       |       |       |       |     1 ||     1
 Invoke: Finesse           |       |       |       |       |     2 ||     2
         Heroism           |       |       |       |       |     1 ||     1
  Evoke: Wand              |       |     1 |     6 |    11 |     6 ||    24
         Phial of floods   |       |       |       |     1 |       ||     1
         Lightning rod     |       |       |       |       |     1 ||     1
    Use: Scroll            |       |     9 |    10 |    21 |     7 ||    47
         Potion            |       |     4 |     5 |     5 |     8 ||    22
   Stab: Sleeping          |       |       |       |     1 |       ||     1
 Armour: Scale mail        |    45 |    71 |    95 |   284 |   216 ||   711
  Dodge: Dodged            |    52 |    88 |    99 |   298 |   237 ||   774
  Block: Buckler           |    18 |     6 |       |       |       ||    24
